AoeStats
← Mointez

Arabia

509968535Analyzed
1v1 RM · 4d ago on Sep 28, 2026· 38m 52s· 2 players
Game mode
Random Map
Map size
Tiny (2 player)
Population
200
Speed
Normal
Resources
Standard
Victory
Conquest
Starting age
Dark Age
Ending age
Imperial Age
RankedLock teamsTeams togetherTeam positionsShared explorationLock speedFull tech treeHidden civsTurbo modeCheats
Victory
Defeat
🇺🇸 Hindustanis · United States
1268
+15
🇦🇷 Byzantines · Argentina
1254
-15
El loco
6:19 Loom
9:02 Feudal Age
9:47 Double-Bit Axe
17:11 Padded Archer Armor
23:37 Castle Age
21:45 Horse Collar
22:43 Forging
22:33 Gold Mining
23:28 Scale Barding Armor
23:33 Stone Mining
24:08 Elite Skirmisher
25:21 Fletching
34:04 Bodkin Arrow
Mointez
5:27 Loom
8:54 Feudal Age
8:57 Man-at-Arms
18:24 Castle Age
18:29 Fletching
22:48 Double-Bit Axe
26:34 Scale Barding Armor
27:22 Forging
30:18 Husbandry
32:03 Wheelbarrow
41:03 Imperial Age
39:28 Bloodlines
Connection lost

Rejoining the realm…

Still unreachable

The connection could not be restored.

Session expired

The server has moved on; the page needs a fresh start.